AoeStats
← K o h i m e

Nomad

510147699Analyzed
3v3 RM · 2d ago on Sep 29, 2026· 23m 44s· 6 players
Game mode
Random Map
Map size
210×210
Population
200
Speed
Normal
Resources
Standard
Victory
Conquest
Starting age
Dark Age
Ending age
Imperial Age
RankedLock teamsTeams togetherTeam positionsShared explorationLock speedFull tech treeHidden civsTurbo modeCheats
Victory
Defeat
🇻🇳 Khitans · Vietnam
799
+7
🇻🇳 Wu · Vietnam
751
+9
🇻🇳 Britons · Vietnam
692
+11
🇷🇺 Spanish · Russia
615
-10
🇷🇴 Bohemians · Romania
614
-10
🇺🇸 Huns · United States
536
-7
kdawg4400
6:10 Loom
17:42 Feudal Age
Anubis
4:47 Loom
16:50 Feudal Age
vladimirrr7
5:40 Loom
17:52 Feudal Age
19:12 Double-Bit Axe
19:09 Horse Collar
21:43 Forging
21:33 Scale Mail Armor
21:39 Scale Barding Armor
21:25 Fletching
21:35 Padded Archer Armor
26:08 Castle Age
K o h i m e
16:24 Feudal Age
18:28 Double-Bit Axe
18:25 Horse Collar
21:28 Bloodlines
22:33 Forging
Muscle Boy
15:56 Feudal Age
25:54 Castle Age
applerutz20052001
4:34 Loom
6:03 Loom
6:09 Loom
16:13 Feudal Age
18:30 Double-Bit Axe
20:05 Scale Barding Armor
22:59 Castle Age
Connection lost

Rejoining the realm…

Still unreachable

The connection could not be restored.

Session expired

The server has moved on; the page needs a fresh start.